 Dungeon Crawl Stone Soup version 0.26-a0-244-g083ca260ac (webtiles) character file.

Game seed: 524642544775781867

3028 Infinimo the Destroyer (level 9, -2/57 HPs)
             Began as a Mummy Conjurer on July 8, 2020.
             Was a Priest of Vehumet.
             Killed from afar by Maurice (12 damage)
             ... with a bolt of acid
             ... on level 8 of the Dungeon.
             The game lasted 00:14:39 (10315 turns).

Infinimo the Destroyer (Mummy Conjurer)            Turns: 10315, Time: 00:14:39

Health: -2/57      AC:  4    Str: 19    XL:     9   Next: 55%
Magic:  22/22      EV: 11    Int: 20    God:    Vehumet [***...]
Gold:   0          SH:  7    Dex: 16    Spells: 22/27 levels left

rFire    x . .     SeeInvis .   f - +8 short sword of the Orcish Mines {protect, rC+}
rCold    + + .     Faith    .   q - +4 buckler of Damp Satisfaction {rElec rPois Str+8}
rNeg     + + +     Spirit   .   a - +0 robe
rPois    ∞         Reflect  .   h - +1 helmet
rElec    +         Harm     .   (no cloak)
rCorr    .                      e - +0 pair of gloves
MR       +....                  (no boots)
Stlth    ++........             n - amulet of regeneration
HPRegen  0.59/turn              (no ring)
MPRegen  0.18/turn              j - +6 ring of dexterity

@: about to teleport, corroded, protection aura
A: no food or potions, fire vulnerability, cold resistance 1, negative energy
resistance 3, torment resistance, unbreathing
a: Renounce Religion


You were on level 8 of the Dungeon.
You worshipped Vehumet.
Vehumet was most pleased with you.
You were not hungry.

You visited 1 branch of the dungeon, and saw 8 of its levels.

You collected 237 gold pieces.
You spent 237 gold pieces at shops.

Inventory:

Hand Weapons
 f - the +8 short sword of the Orcish Mines (weapon) {protect, rC+}
   (You found it on level 6 of the Dungeon)

   It grants its wielder temporary protection when it strikes (+7 to AC).
   It protects you from cold.
Armour
 a - a +0 robe (worn)
 e - a +0 pair of gloves (worn)
 h - a +1 helmet (worn)
 q - the +4 buckler of Damp Satisfaction (worn) {rElec rPois Str+8}
   (You found it on level 8 of the Dungeon)

   It affects your strength (+8).
   It insulates you from electricity.
   It protects you from poison.
Magical Staves
 p - an uncursed staff of air
Jewellery
 j - a +6 ring of dexterity (right hand)
 n - an amulet of regeneration (around neck)
Wands
 d - a wand of acid (3)
Scrolls
 b - 2 scrolls of teleportation
 c - a scroll of remove curse
 g - a scroll of immolation
 i - 5 scrolls of identify
 k - 2 scrolls of blinking
 l - a scroll of enchant weapon
 m - 2 scrolls of enchant armour
 o - a scroll of magic mapping


   Skills:
 - Level 1.5 Dodging
 - Level 1.5 Stealth
 + Level 9.6 Spellcasting
 * Level 9.8 Conjurations


You had 22 spell levels left.
You knew the following spells:

 Your Spells              Type           Power        Failure   Level
a - Magic Dart            Conj           ####         1%          1
b - Iskenderun's Mystic   Conj/Tloc      ####....     4%          4

Your spell library contained the following spells:

 Spells                   Type           Power        Failure   Level
 Ignite Poison            Fire/Tmut/Pois #.......     11%         3
 Searing Ray              Conj           #####.       1%          2
 Dazzling Flash           Conj/Hex       ####..       1%          3
 Fulminant Prism          Conj/Hex       ####......   4%          4


Dungeon Overview and Level Annotations

Branches:
Dungeon (8/15)             Temple (0/1) D:5
   Lair: D:8-11

Altars:
Nemelex Xobeh
Sif Muna
Vehumet
Wu Jian
Xom

Shops:
D:7 ??}

Annotations:
D:8 Maurice


Innate Abilities, Weirdness & Mutations

You do not eat or drink.
Your flesh is vulnerable to fire.
You are immune to poison.
Your flesh is cold resistant. (rC+)
You are immune to negative energy. (rN+++)
You are immune to unholy pain and torment.
You can survive without breathing.


Message History

You now have 0 gold pieces.
Evoke which item? (* to show all) (? for menu, Esc to quit)
Aiming: Corrosive Bolt
Press: ? - help, Shift-Dir - straight line The bolt of acid hits something!
You hit something.
Your weapon exudes an aura of protection.
You hear a zap.
A bolt of acid appears from out of thin air!
The acid corrodes you!
You are splashed with acid!
* * * LOW HITPOINT WARNING * * *
Something hits you!
* * * LOW HITPOINT WARNING * * *
Something steals 4 of your 5 scrolls of remove curse!
As you read the scroll of teleportation, it crumbles to dust.
You feel strangely unstable.
You hear a zap.
A bolt of acid appears from out of thin air!
The bolt of acid hits you!
You die...

# #### ###### . ##..## ##..#.##
.# #....# #...#..###
..###...##### ####.....<.#
...##...#)..###.###..#.....#
$............#......####.......
..........#/..{.@..## .......
........#.#.....†..# .#..#..
........#..........# ......#
..........#..#.....# .. ....
..........#........... .......
.....#^............##.
.##..#....##.....%.# . ##...
#......... .. ..........


There were no monsters in sight!

Vanquished Creatures
  Sigmund (D:5)
  Eustachio (D:6)
  A human (D:7)
  3 hogs (D:7)
  An orc warrior (D:5)
  A phantom (D:3)
  A sky beast (D:7)
  4 ogres
  5 centaurs
  A crocodile (D:7)
  Blork the orc (D:5)
  4 bullfrogs
  A scorpion (D:4)
  3 bullfrog zombies
  A centaur zombie (D:7)
  2 hounds
  3 orc wizards
  An iguana (D:8)
  2 worker ants
  Robin (D:3)
  5 gnolls
  2 howler monkey skeletons
  10 adders
  A shadow imp (D:6)
  2 white imps (D:6)
  3 ufetubi
  2 oozes (D:1)
  3 worms
  4 dart slugs (D:2)
  2 leopard geckos
  14 orcs
  12 bats
  7 giant cockroaches
  20 goblins
  9 hobgoblins
  8 jackals
  8 kobolds
  10 quokkas
  A ball python (D:1)
  4 frilled lizards
  A jackal skeleton (D:6)
  8 rats
174 creatures vanquished.

Notes
Turn   | Place    | Note
-------+----------+-------------------------------------------
     0 | D:1      | Infinimo the Mummy Conjurer began the quest for the Orb.
     0 | D:1      | Reached XP level 1. HP: 13/13 MP: 4/4
   199 | D:1      | Reached XP level 2. HP: 7/19 MP: 0/6
   993 | D:1      | Reached XP level 3. HP: 24/24 MP: 4/7
  2167 | D:2      | Found a radiant altar of Vehumet.
  2194 | D:2      | Reached XP level 4. HP: 30/30 MP: 7/9
  2200 | D:2      | Became a worshipper of Vehumet
  3222 | D:2      | Reached XP level 5. HP: 31/35 MP: 0/11
  3554 | D:3      | Noticed a phantom
  3608 | D:3      | Killed a phantom
  3608 | D:3      | Reached skill level 5 in Conjurations
  3760 | D:3      | Learned a level 4 spell: Iskenderun's Mystic Blast
  3880 | D:3      | Reached * piety under Vehumet
  3880 | D:3      | Offered knowledge of Freeze by Vehumet.
  4099 | D:3      | Noticed Robin
  4133 | D:3      | Reached XP level 6. HP: 41/41 MP: 9/13
  4139 | D:3      | Killed Robin
  4283 | D:3      | Found a sparkling altar of Nemelex Xobeh.
  4604 | D:4      | Reached skill level 5 in Spellcasting
  4992 | D:4      | Offered knowledge of Foxfire by Vehumet.
  5112 | D:4      | Reached ** piety under Vehumet
  5112 | D:4      | Reached XP level 7. HP: 46/46 MP: 10/15
  5616 | D:5      | Entered Level 5 of the Dungeon
  6223 | D:5      | Noticed Sigmund
  6243 | D:5      | Killed Sigmund
  6243 | D:5      | Reached XP level 8. HP: 44/52 MP: 2/18
  6540 | D:5      | Found a staircase to the Ecumenical Temple.
  6637 | D:5      | Noticed Blork the orc
  6653 | D:5      | Killed Blork the orc
  6746 | D:5      | Found a shimmering blue altar of Sif Muna.
  6852 | D:6      | Found an ornate altar of the Wu Jian Council.
  6937 | D:6      | Offered knowledge of Frozen Ramparts by Vehumet.
  7478 | D:6      | Noticed Eustachio
  7496 | D:6      | Killed Eustachio
  8468 | D:6      | Identified the +8 short sword of the Orcish Mines {protect,
                  | rC+} (You found it on level 6 of the Dungeon)
  8662 | D:7      | Found a shimmering altar of Xom.
  8716 | D:7      | Reached *** piety under Vehumet
  8716 | D:7      | Reached XP level 9. HP: 28/57 MP: 19/21
  8765 | D:7      | Found Jikeost's Magic Scroll Emporium.
  8852 | D:7      | Bought a scroll of magic mapping for 42 gold pieces
  8852 | D:7      | Bought a scroll of enchant armour for 90 gold pieces
  9161 | D:7      | Found Dypnapee's Gadget Emporium.
  9313 | D:7      | Found Ewegoch's Magic Scroll Emporium.
  9453 | D:7      | Offered knowledge of Ignite Poison by Vehumet.
  9579 | D:7      | Bought a scroll of blinking for 105 gold pieces
 10219 | D:8      | Got a distressingly furry buckler
 10225 | D:8      | Identified the +4 buckler of Damp Satisfaction {rElec rPois
                  | Str+8} (You found it on level 8 of the Dungeon)
 10293 | D:8      | Noticed Maurice
 10315 | D:8      | Killed from afar by Maurice

Illustrated notes

Levels and vault maps discovered:
D:1:      minmay_arrival_shoal_huts, layout_basic, supply_closet_lemuel,
          minivault_14, minmay_tripent
D:2:      layout_basic, vehumet_crystals
D:3:      layout_loops_ring, minmay_misc_feat_nine_boxes,
          nemelex_lonely_heart_becter, uniq_robin
D:4:      layout_cave_pools
D:5:      layout_cave_pools, tgw_sif, minmay_temple_entry_glassed_door,
          first_ration, uniq_sigmund
D:6:      layout_basic, kennysheep_mini_moat, hangedman_decor_growths,
          uniq_eustachio
D:7:      layout_basic, serial_shops, nicolae_shop_stone, shop,
          nicolae_shop_statue_plus, grunt_livestock, solitary_fountain,
          minmay_misc_feat_tiny, xom_teletrap_fun
D:8:      layout_cave_pools, nemelex_xobeh_ov_fountains_minmay, okawaru_trees_1,
          serial_shops, nicolae_shop_crystal, gammafunk_ghost_hydra_chop,
          uniq_erica, uniq_maurice, uniq_pikel, uniq_psyche

Skill      XL: |  1  2  3  4  5  6  7  8  9 |
---------------+----------------------------+-----
Spellcasting   | 3 4 5 6 8 9 |  9.6
Conjurations   | 4 5 6 7 8 9 |  9.8
Dodging        | |  1.5
Stealth        | |  1.5

Action                   |  1- 3 |  4- 6 |  7- 9 || total
-------------------------+-------+-------+-------++-------
Melee: Unarmed           |    40 |       |       ||    40
       Dagger            |     5 |    13 |    38 ||    56
       Short sword       |       |       |    43 ||    43
 Cast: Magic Dart        |    94 |   186 |   304 ||   584
       Iskenderun's Myst |       |       |     2 ||     2
Evoke: Wand              |       |       |     4 ||     4
  Use: Scroll            |       |     6 |     8 ||    14
 Stab: Sleeping          |       |     1 |       ||     1
Armor: Robe              |    15 |     5 |    40 ||    60
Dodge: Dodged            |    43 |    16 |   121 ||   180

Table legend:
 A = Non-vault XP
 B = Vault XP
 C = Vault XP percentage of total XP
 D = Non-vault monster count
 E = Vault monster count
 F = Vault count percentage of total count
                 A         B        C        D         E       F
            +---------+---------+-------+---------+---------+-------
      Total |    2970 |    1356 |  31.3 |     154 |      20 |  11.5
            +---------+---------+-------+---------+---------+-------
        D:1 |      73 |       3 |   3.9 |      31 |       2 |   6.1
        D:2 |     120 |       0 |   0.0 |      25 |       0 |   0.0
        D:3 |     182 |      36 |  16.5 |      21 |      11 |  34.4
        D:4 |     579 |       0 |   0.0 |      25 |       0 |   0.0
        D:5 |     533 |     337 |  38.7 |      14 |       2 |  12.5
        D:6 |     510 |     202 |  28.4 |      20 |       1 |   4.8
        D:7 |     836 |     778 |  48.2 |      15 |       4 |  21.1
        D:8 |     137 |       0 |   0.0 |       3 |       0 |   0.0
            +---------+---------+-------+---------+---------+-------
